[Event "3rd HoliCup Lake City 2019"]
[Site "Udaipur"]
[Date "2019.03.29"]
[Round "4.9"]
[White "Arun, Rathi"]
[Black "Bhogal, Rupesh"]
[Result "1-0"]
[ECO "A04"]
[WhiteElo "1939"]
[BlackElo "1748"]
[Annotator "NA"]
[PlyCount "115"]
[EventDate "2019.??.??"]
[EventCountry "IND"]
[SourceTitle "playchess.com"]
[Source "ChessBase"]
[SourceQuality "1"]
[TimeControl "5400+30"]

1. Nf3 d6 2. d4 Nf6 3. g3 g6 4. b3 Bg7 5. Bb2 O-O 6. Bg2 Nbd7 7. O-O Re8 8. Nbd2 e5 {[%emt 0:01:17] A49: 1 d4 Nf6 2 Nf3 g6 3 g3: Anti-King's Indian systems} 9. dxe5 dxe5 10. e4 Nh5 (10... b6 11. Nc4 Bb7 12. Nfd2 Nc5 13. Re1 Nfd7 14. a4 a5 15. Nf1 Ne6 16. Nfe3 Ndc5 17. Bxe5 Bxe4 18. Nd5 Bxe5 19. Nxe5 {1-0 (75) Mareco,S (2644)-Krysa,L (2545) Buenos Aires 2017}) 11. a4 $146 ({Predecessor:} 11. Nc4 Qe7 12. a4 f6 13. Ne3 Nf8 14. Nd5 Qf7 15. Nd2 Bh6 16. Nc4 Be6 17. Qe1 Bxd5 18. exd5 {½-½ (26) Talpa,P (1825)-Skaroupka,J (2105) Morava 1997}) 11... Nc5 12. Qe2 Bd7 13. Nc4 f6 14. Rfd1 Qc8 15. Ba3 Ne6 (15... Na6 $142) 16. Rd2 (16. Qd3 $16 Bc6 17. Na5) 16... Bh6 17. Rdd1 (17. Rd3 $14) 17... Nef4 18. gxf4 Nxf4 19. Qf1 Nxg2 20. Rxd7 Qxd7 21. Qxg2 a6 22. a5 Rad8 23. Ne1 Qc6 24. Nd3 b5 25. axb6 cxb6 26. Nb4 Qe6 27. Nd5 b5 28. Na5 $16 (28. Nc7 $18 Qc6 29. Nxe8 bxc4 30. Nd6 Rxd6 31. Bxd6 Qxd6 32. Qh3 (32. bxc4 Qd4 $18)) 28... Rc8 29. c4 Bd2 (29... Bf8 $16 30. Bb2 Be7) 30. Bb4 Bxb4 31. Nxb4 bxc4 32. bxc4 Red8 33. Nd5 Kg7 34. Qf3 Rb8 35. c5 f5 36. Ne3 Rd3 37. exf5 Qf6 38. Qe4 Rd4 39. Qc6 Qg5+ 40. Qg2 Qxg2+ 41. Kxg2 Rc8 42. Rc1 Kf6 43. fxg6 hxg6 44. c6 Rc7 45. Rc5 Ke6 46. Nac4 a5 47. Rxe5+ Kf7 48. Rxa5 Kg7 49. Rc5 Rd8 50. Nd5 Rxd5 51. Rxd5 Rxc6 52. Ne5 Re6 53. f4 Kh6 54. Rd6 Re8 55. Rxg6+ Kh5 56. Rg5+ Kh6 57. Ng4+ Kh7 58. Nf6+ 1-0

[Event "3rd HoliCup Lake City 2019"]
[Site "Udaipur"]
[Date "2019.03.29"]
[Round "4.10"]
[White "Suvankar, Maity"]
[Black "Aaditya, Dhingra"]
[Result "1/2-1/2"]
[ECO "E04"]
[WhiteElo "1911"]
[BlackElo "1742"]
[Annotator "NA"]
[PlyCount "66"]
[EventDate "2019.??.??"]
[EventCountry "IND"]
[SourceTitle "playchess.com"]
[Source "ChessBase"]
[SourceQuality "1"]
[TimeControl "5400+30"]

1. d4 d5 2. Nf3 Nf6 3. c4 e6 4. g3 dxc4 5. Bg2 a6 6. a4 Nc6 {[%emt 0:00:54] E04: Open Catalan: 5 Nf3} 7. O-O Bd6 (7... Rb8 8. e3 Be7 9. Nfd2 e5 10. Bxc6+ bxc6 11. dxe5 Ng4 12. Nxc4 Qd5 13. Qd4 Bc5 14. Qc3 Bb4 15. Qd4 Bc5 16. Qc3 Bb4 17. Qd4 Bc5 {½-½ (17) Arvola,B (2493)-Nikolaidis,I (2544) Batumi 2018}) 8. Nbd2 O-O 9. e4 $146 ({Predecessor:} 9. Nxc4 Rb8 10. Nxd6 cxd6 11. Bg5 h6 12. Bxf6 Qxf6 13. e3 e5 14. dxe5 dxe5 {½-½ (50) Suita Garceso,N (2072)-Campo Echevarria,J (2076) Banyoles 2018}) 9... Be7 10. e5 Nd5 11. Nxc4 Rb8 12. Qe2 b5 13. Ne3 Ncb4 14. axb5 axb5 15. Bd2 Bb7 16. Rfc1 Nxe3 17. Bxe3 Nd5 18. Nd2 Ba8 19. Nb3 Rb6 $16 (19... Qd7 $11 {keeps the balance.}) 20. Bd2 b4 21. Ra6 Qb8 22. Na5 Rxa6 23. Qxa6 c5 24. dxc5 Qxe5 25. c6 Qxb2 26. c7 Nxc7 27. Rxc7 Bd8 28. Rd7 Qa1+ 29. Bf1 Qxa5 30. Bxb4 Qxb4 31. Qxa8 Bb6 32. Qf3 h6 33. Bd3 Bd8 1/2-1/2

[Event "3rd HoliCup Lake City 2019"]
[Site "Udaipur"]
[Date "2019.03.29"]
[Round "4.11"]
[White "Anchit, Vyas"]
[Black "Garv, Gaur"]
[Result "1/2-1/2"]
[ECO "D53"]
[WhiteElo "1890"]
[BlackElo "1711"]
[Annotator "NA"]
[PlyCount "60"]
[EventDate "2019.??.??"]
[EventCountry "IND"]
[SourceTitle "playchess.com"]
[Source "ChessBase"]
[SourceQuality "1"]
[TimeControl "5400+30"]

1. d4 d5 2. c4 e6 3. Nc3 Nf6 4. Bg5 Be7 5. cxd5 exd5 6. Qc2 c6 7. e3 h6 8. Bh4 O-O {[%emt 0:00:47] D36: Queen's Gambit Declined: Exchange Variation: Main line (5 Bg5 c6 6 Qc2)} 9. Nf3 (9. Bd3 Re8 10. Nge2 Nh5 11. Bxe7 Qxe7 12. h3 a5 13. a3 Nd7 14. Na4 Qh4 15. g3 Qd8 16. g4 Nhf6 17. Ng3 Nf8 18. O-O-O {1-0 (67) Caruana,F (2799)-Kramnik,V (2803) Douglas 2017 CBM 181 [Marin,M]}) 9... Qa5 10. Bd3 Na6 11. O-O $146 ({Predecessor:} 11. Qd1 Be6 12. O-O Nb4 13. Bb1 c5 14. dxc5 Qxc5 15. Nd4 Rad8 16. Bg3 Bd6 17. a3 {1-0 (39) Lafuente,P (2435)-Gonzalez Davila,R (2263) Botucatu 2003}) 11... Nb4 12. Qe2 Nxd3 13. Qxd3 Be6 14. Ne5 Rae8 15. f4 Qc7 16. Rac1 Ne4 17. f5 Bxh4 18. fxe6 fxe6 19. Nxe4 dxe4 20. Qxe4 Bf6 21. Ng6 Rf7 $11 22. h4 Qd7 23. Rc5 Bd8 24. Rf3 Rf6 25. Rxf6 Qf7 26. h5 Bxf6 27. g3 Bg5 28. g4 Qc7 29. Kg2 Qb6 30. b3 Qb4 1/2-1/2

[Event "3rd HoliCup Lake City 2019"]
[Site "Udaipur"]
[Date "2019.03.29"]
[Round "4.12"]
[White "Govind, Prabhu Mah"]
[Black "Sarthak, Rawat"]
[Result "1/2-1/2"]
[ECO "B22"]
[WhiteElo "1558"]
[BlackElo "1883"]
[Annotator "NA"]
[PlyCount "135"]
[EventDate "2019.??.??"]
[EventCountry "IND"]
[SourceTitle "playchess.com"]
[Source "ChessBase"]
[SourceQuality "1"]
[TimeControl "5400+30"]

1. e4 c5 2. c3 d5 3. exd5 Qxd5 4. d4 cxd4 5. cxd4 Nc6 6. Nf3 Bg4 7. Be2 Nf6 8. Nc3 {[%emt 0:00:33] B22: Sicilian: 2 c3} Qd8 (8... Qa5 9. h3 Bh5 10. O-O e6 11. a3 Bd6 12. g4 Bg6 13. b4 Qd8 14. Bg5 Be7 15. b5 Na5 16. Ne5 Rc8 17. Nxg6 hxg6 18. Qd3 Rxc3 19. Qxc3 {0-1 (32) Buchnicek,P (2335)-Plischki,S (2436) Trebic 2013}) 9. d5 Bxf3 10. Bxf3 Ne5 11. Be2 g6 12. O-O Bg7 13. Qb3 $146 ({Predecessor:} 13. Bf4 Ned7 14. Nb5 O-O 15. Bc7 Qe8 {1-0 (32) Pachon,A (2060)-Guerra Verano,D (1636) Medellin 2014}) 13... O-O 14. Qxb7 Rb8 15. Qxa7 Nxd5 16. Qa3 Nb4 {[%emt 0:05:35] [#]} (16... Nc6 $11) 17. Rd1 $1 Qc7 {[%emt 0:07:20] [#]} 18. Qa4 $1 Nec6 $18 (18... Nbc6 $16 {was worth a try.} 19. Bb5 Rfd8) 19. Be3 Ra8 20. Qb3 Rfb8 21. Nb5 Qe5 22. a3 Qxb2 23. Qxb2 Bxb2 24. Rab1 Bxa3 25. Rb3 Nc2 26. Bf3 Ra6 27. Nxa3 Rxb3 28. Nxc2 Rb8 29. g3 Ne5 30. Bg2 Ng4 31. Bf4 e5 32. Be3 Rb2 33. Bf3 Nxe3 34. Nxe3 Rf6 35. Nc4 Rb5 36. Kg2 Kg7 37. Rd7 Rb8 38. Nxe5 Re8 39. Nd3 Rfe6 40. Nf4 R6e7 41. Rd6 Rb8 42. h4 h5 43. Nh3 Rb2 44. Bc6 Rb6 45. Rd7 Rxd7 46. Bxd7 Rd6 47. Bb5 f6 48. Nf4 Kh6 49. Be2 Rb6 50. Nd5 Rd6 51. Bf3 g5 52. hxg5+ fxg5 53. Be4 g4 54. Ne3 Kg5 55. Bd5 Rf6 56. Bc4 h4 57. gxh4+ Kxh4 58. Be2 Rf4 59. Nf1 Rb4 60. Ng3 Ra4 61. Bd3 Ra3 62. Be4 Ra4 63. Bc6 Ra3 64. Bd7 Ra7 65. Be6 Ra6 66. Bc4 Ra3 67. Nf5+ Kg5 68. Ne3 1/2-1/2

[Event "3rd HoliCup Lake City 2019"]
[Site "Udaipur"]
[Date "2019.03.29"]
[Round "4.13"]
[White "Awadh, Chaitanya"]
[Black "Mokashi, Rohit"]
[Result "1-0"]
[ECO "B13"]
[WhiteElo "1882"]
[BlackElo "1615"]
[Annotator "NA RC"]
[PlyCount "31"]
[EventDate "2019.??.??"]
[EventCountry "IND"]
[SourceTitle "playchess.com"]
[Source "ChessBase"]
[SourceQuality "1"]
[TimeControl "5400+30"]

1. e4 c6 2. d4 d5 3. exd5 cxd5 4. Bd3 Nc6 5. c3 Qc7 6. Ne2 Bg4 7. f3 Bh5 8. Bf4 e5 9. dxe5 Nxe5 10. Bb5+ Ke7 11. Qxd5 f6 12. Be3 Rc8 13. Nd4 Bg6 14. O-O Nh6 15. Bxh6 Qb6 16. Be3 1-0

[Event "3rd HoliCup Lake City 2019"]
[Site "Udaipur"]
[Date "2019.03.29"]
[Round "4.14"]
[White "Kadam, Rishi R"]
[Black "Shubham"]
[Result "1-0"]
[ECO "B50"]
[WhiteElo "1553"]
[BlackElo "1880"]
[Annotator "NA"]
[PlyCount "85"]
[EventDate "2019.??.??"]
[EventCountry "IND"]
[SourceTitle "playchess.com"]
[Source "ChessBase"]
[SourceQuality "1"]
[TimeControl "5400+30"]

1. e4 c5 2. Nf3 d6 3. c3 Nf6 4. h3 e6 5. Bd3 Be7 {[%emt 0:00:39] B50: Sicilian: 2...d6, Miscellaneous} (5... d5 6. e5 Nfd7 7. O-O Nc6 8. Re1 Qc7 9. Qe2 Rb8 10. Bc2 b5 11. d3 b4 12. c4 Nb6 13. Nbd2 {1-0 (42) Petrosian,T (2636)-Zhou,J (2636) Martuni 2011 CBM 144 [Nadanian,A]}) 6. Bc2 O-O 7. O-O Qc7 8. d3 $146 ({Predecessor:} 8. Re1 Nbd7 9. d4 e5 10. Nbd2 Re8 11. Nf1 Rb8 12. Ng3 g6 13. Bh6 {1-0 (62) Vera Siguenas,D (2535)-Alboredo,J (2049) Florianopolis 2017}) 8... b6 9. Be3 Bb7 10. Nbd2 Nbd7 11. Re1 Rfe8 12. Nf1 Rad8 13. Ng3 d5 14. e5 Nxe5 15. Nxe5 Qxe5 16. Bxc5 Qc7 17. Bxe7 Rxe7 18. d4 b5 19. Qd3 Qc4 20. Qf3 Rc7 21. Bd3 Qc6 22. Nh5 Nxh5 23. Qxh5 g6 24. Qg5 Rdc8 25. h4 b4 26. cxb4 Qb6 27. Qe5 Qxb4 28. h5 Qd2 29. Rad1 Qh6 30. hxg6 hxg6 31. g3 Qh3 32. Qf4 Kh7 33. Rc1 Qh6 34. Qxc7 Rxc7 35. Rc2 Rc6 36. Rxc6 Qe3 37. Rc7 Qd2 38. Re3 Qxb2 39. Rxf7+ Kg8 40. Ref3 Bc6 41. Rf8+ Kg7 42. R3f7+ Kh6 43. Rg8 1-0

[Event "3rd HoliCup Lake City 2019"]
[Site "Udaipur"]
[Date "2019.03.29"]
[Round "4.15"]
[White "Dhiraj, Patil"]
[Black "Hitesh, S. Jariya"]
[Result "1-0"]
[ECO "A45"]
[WhiteElo "1425"]
[BlackElo "1871"]
[Annotator "NA"]
[PlyCount "65"]
[EventDate "2019.??.??"]
[EventCountry "IND"]
[SourceTitle "playchess.com"]
[Source "ChessBase"]
[SourceQuality "1"]
[TimeControl "5400+30"]

1. d4 Nf6 2. Bg5 c5 3. d5 Ne4 4. Bf4 e6 5. dxe6 (5. f3 Qa5+ 6. c3 Nf6 7. e4 exd5 8. exd5 d6 9. Na3 Be7 10. Ne2 O-O 11. Ng3 Re8 12. Be2 Bf8 13. O-O a6 14. Nc4 Qc7 15. a4 b6 16. Ne3 {½-½ (49) Andreikin,D (2743)-Marin,M (2576) Almaty 2016}) 5... fxe6 6. Nd2 {[%emt 0:02:54] A45: Trompowsky Attack} Qf6 7. Nxe4 Qxf4 8. Nc3 $146 ({Predecessor:} 8. Qd3 d5 9. Ng3 Qb4+ 10. Qc3 Qxc3+ 11. bxc3 Be7 12. e3 Bf6 {0-1 (31) Leppert,H (1822)-Pajeken,W (2326) Bad Zwischenahn 2003}) 8... Be7 9. e3 Qb4 10. Rb1 O-O 11. a3 Qa5 12. Bd3 Bf6 13. Qd2 Nc6 14. Nf3 d5 15. O-O c4 16. Be2 Bxc3 17. Qxc3 Qxc3 18. bxc3 b6 19. Nd4 Bd7 20. Bg4 Rae8 21. f4 Nb8 22. Nf3 Na6 23. Ne5 Ba4 24. Rf2 Nc5 25. Bf3 Re7 26. Rb4 Be8 27. h4 Na4 28. Rxa4 Bxa4 29. g3 Rc7 30. Rd2 $19 Rd8 31. Kf2 Be8 32. Ke2 Bf7 33. Rd1 1-0

[Event "3rd HoliCup Lake City 2019"]
[Site "Udaipur"]
[Date "2019.03.29"]
[Round "4.16"]
[White "Nanda, Kumar T.S."]
[Black "Gupta, Dinesh"]
[Result "1-0"]
[ECO "B51"]
[WhiteElo "1846"]
[BlackElo "1593"]
[Annotator "NA"]
[PlyCount "81"]
[EventDate "2019.??.??"]
[EventCountry "IND"]
[SourceTitle "playchess.com"]
[Source "ChessBase"]
[SourceQuality "1"]
[TimeControl "5400+30"]

1. e4 c5 2. Nf3 d6 3. Bb5+ Nc6 4. O-O e6 5. c3 a6 6. Bxc6+ bxc6 7. d4 d5 8. exd5 cxd5 9. Ne5 Nf6 10. Bg5 h6 11. Bh4 Qb6 12. Na3 Bd6 13. Rb1 Nd7 14. Qg4 Nxe5 15. dxe5 Bxe5 $16 {[%emt 0:05:38] [#]} (15... Bf8 $1 $11 {remains equal.}) 16. f4 $1 h5 17. Qg3 Bf6 18. Bxf6 gxf6 19. Qg7 Rf8 20. Qxf6 Qd8 21. Qh6 Qh4 22. f5 Rg8 23. fxe6 Bxe6 24. Rbe1 Qg4 25. Rf2 O-O-O 26. Qd2 d4 27. c4 Rd6 28. b4 Qg5 29. bxc5 Qxc5 30. Nc2 d3 31. Ne3 Rgd8 32. Kh1 h4 33. h3 Kb7 34. Rf4 Rd4 35. Rb1+ Kc7 36. Rxd4 Qxd4 37. Qa5+ Kd7 38. Rb7+ Ke8 39. Qg5 Kf8 40. Nd5 Re8 41. Nf6 1-0

[Event "3rd HoliCup Lake City 2019"]
[Site "Udaipur"]
[Date "2019.03.29"]
[Round "4.17"]
[White "Sanchit, Anand"]
[Black "Khedkar, Prasad"]
[Result "1-0"]
[ECO "B13"]
[WhiteElo "1817"]
[BlackElo "1545"]
[Annotator "NA"]
[PlyCount "71"]
[EventDate "2019.??.??"]
[EventCountry "IND"]
[SourceTitle "playchess.com"]
[Source "ChessBase"]
[SourceQuality "1"]
[TimeControl "5400+30"]

1. e4 c6 2. d4 d5 3. exd5 cxd5 4. Bd3 Nc6 5. c3 Nf6 6. Bf4 g6 7. Nf3 Bg7 8. O-O Nh5 {[%emt 0:01:39] B13: Caro-Kann: Exchange Variation and Panov-Botvinnik Attack} (8... O-O 9. Ne5 Bf5 10. Bxf5 gxf5 11. Nd2 e6 12. Nd3 Kh8 13. h3 Rg8 14. Kh1 Ne4 15. f3 Nxd2 16. Qxd2 Ne7 17. g4 Ng6 18. gxf5 Nxf4 19. Qxf4 {½-½ (34) Kovalev,V (2636)-Popov,I (2609) Sochi 2017}) 9. Be3 O-O 10. h3 b6 $146 ({Predecessor:} 10... e5 11. dxe5 Nxe5 12. Nxe5 Bxe5 13. Qa4 Qc7 14. Nd2 Bd7 15. Bb5 Be6 16. Nf3 Bg7 17. Nd4 {½-½ (75) Ranic,V (1953)-Georgieva,E (1851) Paracin 2016}) 11. Re1 Bb7 12. Qd2 Re8 13. Bh6 Bh8 14. Na3 a6 15. Nc2 Rc8 ({Better is} 15... e5 $14) 16. Ne5 Nxe5 (16... Ra8 $16) 17. dxe5 Ng7 18. Nd4 Ne6 $2 (18... b5 {was called for.} 19. a4 bxa4 20. Rxa4 Qd7) 19. Nxe6 fxe6 20. Qg5 Kf7 21. Qf4+ Kg8 22. Re3 Bg7 23. h4 Rf8 24. Qg5 d4 {[%emt 0:03:39] [#]} 25. Rg3 $18 Qe8 26. h5 Rf5 27. Bxf5 exf5 28. Bxg7 Kxg7 29. hxg6 hxg6 30. cxd4 Qf7 31. Rc1 f4 32. Rgc3 Re8 33. Rc7 Be4 34. e6 Qxe6 35. Qxf4 Kg8 36. Re1 1-0

[Event "3rd HoliCup Lake City 2019"]
[Site "Udaipur"]
[Date "2019.03.30"]
[Round "5"]
[White "Rathore, S.K."]
[Black "Pingale Shivraj"]
[Result "0-1"]
[ECO "A21"]
[WhiteElo "2092"]
[BlackElo "1600"]
[Annotator "NA RC"]
[PlyCount "52"]
[EventDate "2019.??.??"]
[EventCountry "IND"]
[SourceTitle "playchess.com"]
[Source "ChessBase"]
[SourceQuality "1"]
[TimeControl "5400+30"]

1. c4 e5 2. Nc3 Nc6 3. g3 f5 4. Bg2 Nf6 5. d3 g6 6. f4 d6 7. Nf3 Bg7 8. O-O O-O 9. Rb1 exf4 10. Bxf4 Ne7 $14 11. Qc1 c6 12. b4 d5 13. Be5 h6 14. cxd5 Nexd5 15. Nh4 Kh7 16. Nxd5 Nxd5 17. Bxg7 Kxg7 18. e4 Ne7 19. Qc3+ Kh7 20. Rbe1 Bd7 21. Qe5 Rf7 22. g4 g5 23. Nxf5 Ng6 24. Qd6 Bxf5 25. exf5 Qxd6 26. fxg6+ Kxg6 0-1

[Event "3rd HoliCup Lake City 2019"]
[Site "Udaipur"]
[Date "2019.03.30"]
[Round "5"]
[White "Himanshu Ranjan"]
[Black "Dadwani Sahil"]
[Result "1/2-1/2"]
[ECO "E92"]
[WhiteElo "1984"]
[BlackElo "1605"]
[Annotator "NA RC"]
[PlyCount "96"]
[EventDate "2019.??.??"]
[EventCountry "IND"]
[SourceTitle "playchess.com"]
[Source "ChessBase"]
[SourceQuality "1"]
[TimeControl "5400+30"]

1. d4 Nf6 2. c4 g6 3. Nc3 Bg7 4. e4 d6 5. Nf3 O-O 6. Be2 e5 7. dxe5 dxe5 8. Qxd8 Rxd8 9. Bg5 Re8 10. Nd5 Nxd5 11. cxd5 f6 12. Be3 {E92: King's Indian: Classical: 6 Be2 e5: 7 dxe5, 7 Be3 and Petrosian System without 7...Nbd7} Bf8 13. Nd2 Bd7 (13... Nd7 14. Rc1 f5 15. f3 Bd6 16. O-O Nf6 17. h3 Bd7 18. g4 h5 19. g5 f4 {1-0 (45) Stillger,B (2279)-Ducarmon,R (2092) Vlissingen 2015}) 14. Bc4 Bd6 15. Ke2 $146 ({Predecessor:} 15. O-O Kg7 16. Bb3 c6 17. Rfd1 cxd5 18. Bxd5 Bc6 19. Nc4 Bf8 20. Bxc6 Nxc6 {½-½ (57) Landgren,A-Swan,U Hallstahammar 1993}) 15... b5 16. Bb3 a5 17. a3 Na6 18. Rhc1 Kg7 19. Ba2 a4 20. Bb1 Rab8 21. Bd3 Ra8 22. b4 Rec8 23. Rc3 Rab8 24. Rac1 Re8 25. R3c2 Rf8 26. Nb1 Rb7 27. Nc3 Ra8 28. f3 Kf7 29. Na2 Kg7 30. Rb1 Rc8 31. Kd2 Rd8 32. Be2 Be8 33. Ke1 Rc8 34. Nc1 c5 35. dxc6 Rxc6 36. Rxc6 Bxc6 37. Nd3 Kf7 38. Rc1 Bd7 39. Kd2 Rc7 40. Bc5 Ke7 41. g3 Bxc5 42. Nxc5 Nxc5 43. Rxc5 Rb7 44. Ke3 Rb6 45. f4 Rc6 46. Kd2 exf4 47. Rxc6 (47. gxf4 $16 h5 48. Rxb5) 47... Bxc6 48. gxf4 h6 $11 1/2-1/2

[Event "3rd HoliCup Lake City 2019"]
[Site "Udaipur"]
[Date "2019.03.30"]
[Round "5"]
[White "Rohit, Singh Rana"]
[Black "Gupta Dinesh"]
[Result "1/2-1/2"]
[ECO "A46"]
[WhiteElo "1896"]
[BlackElo "1593"]
[Annotator "NA RC"]
[PlyCount "102"]
[EventDate "2019.??.??"]
[EventCountry "IND"]
[SourceTitle "playchess.com"]
[Source "ChessBase"]
[SourceQuality "1"]
[TimeControl "5400+30"]

1. d4 Nf6 2. Bf4 e6 3. Nf3 a6 4. Nbd2 b5 5. c3 Bb7 6. e3 d5 7. Bd3 Nbd7 8. h3 c5 9. a3 Be7 10. Ne5 c4 11. Bc2 a5 12. Ndf3 b4 13. Nxd7 Nxd7 14. Ba4 O-O 15. Bxd7 Qxd7 16. Ne5 Qd8 17. Qg4 f5 18. Qh5 Qe8 19. Qxe8 Rfxe8 20. h4 Ra6 21. axb4 axb4 22. Rxa6 Bxa6 23. Nc6 b3 24. Nxe7+ Rxe7 25. Ke2 Ra7 26. Ra1 Ra8 27. Bd6 Bb7 28. Rxa8+ Bxa8 29. Kf3 h5 30. Kf4 g6 31. f3 Kf7 32. Be5 Bc6 33. g4 hxg4 34. fxg4 fxg4 35. Kxg4 Bb7 36. Kg5 Bc6 37. Kh6 Bb7 38. Kh7 Bc6 39. Kh6 Bb7 40. Kg5 Bc6 41. Kf4 Bb7 42. Bh8 Bc6 43. Ke5 Ke7 44. Bf6+ Kf7 45. Bg5 Bb7 46. Kd6 Ba6 47. Kc6 Bc8 48. Kb5 e5 49. dxe5 Bf5 50. Kc5 Ke6 51. Bf6 Be4 1/2-1/2

[Event "3rd HoliCup Lake City 2019"]
[Site "Udaipur"]
[Date "2019.03.30"]
[Round "5"]
[White "Aaditya Dhingra"]
[Black "Dutta, Joydeep"]
[Result "1/2-1/2"]
[ECO "B01"]
[WhiteElo "1742"]
[BlackElo "2097"]
[Annotator "NA RC"]
[PlyCount "97"]
[EventDate "2019.??.??"]
[EventCountry "IND"]
[SourceTitle "playchess.com"]
[Source "ChessBase"]
[SourceQuality "1"]
[TimeControl "5400+30"]

1. e4 d5 2. exd5 Qxd5 3. Nf3 Nf6 4. d4 c6 5. Be2 Bf5 6. O-O {B01: Scandinavian Defence} Nbd7 (6... e6 7. c4 Qd6 8. Nh4 Bg6 9. Nc3 Be7 10. g3 O-O 11. Nxg6 hxg6 12. Bf4 {½-½ (25) Lupulescu,C (2620)-Laznicka,V (2654) Germany 2018}) 7. c4 Qa5 8. Nc3 e6 9. Bf4 Be7 10. a3 O-O 11. b4 Qd8 12. Qb3 Ne4 $146 ({Predecessor:} 12... a5 13. b5 {1-0 (53) Runic,Z (2448)-Jukic,Z (2295) Bizovac 2002}) 13. Nxe4 Bxe4 14. Rfd1 Qc8 15. Rac1 Re8 16. Nd2 Bf5 17. Nf1 h6 18. Ne3 Bh7 19. d5 c5 20. dxe6 fxe6 21. Ng4 Nf6 22. Qg3 Kh8 23. Ne5 Rf8 24. Bd3 Qe8 25. Bxh7 Kxh7 26. Qd3+ Kg8 27. Qh3 cxb4 28. Qxe6+ Kh7 29. axb4 Ng8 $2 ({Black should try} 29... Bxb4 $14 30. Qf5+ Kg8) 30. Nd3 (30. g3 $18 {is more deadly.}) 30... Bxb4 31. Qxe8 Raxe8 32. Rb1 a5 33. Be3 Re4 34. Nxb4 axb4 35. Rxb4 Rc8 36. h3 Rc7 37. Rdb1 Rexc4 38. Rxb7 Nf6 39. Rxc7 Rxc7 40. Rb5 Rd7 41. g4 Rd5 42. Rxd5 Nxd5 43. Bd2 g5 44. Kg2 Kg6 45. h4 Nf6 {[#]} (45... gxh4 $14 46. f4 h5) 46. f3 (46. h5+ $1 $18 Kf7 47. Kf3) 46... gxh4 47. Kh3 h5 48. g5 ({Don't do} 48. Kxh4 $6 hxg4 49. fxg4 Nd7 $16) 48... Ng8 $11 49. Be3 1/2-1/2

[Event "3rd HoliCup Lake City 2019"]
[Site "Udaipur"]
[Date "2019.03.30"]
[Round "5"]
[White "Garv Gaur"]
[Black "Anadkat Kartavya"]
[Result "0-1"]
[ECO "D02"]
[WhiteElo "1711"]
[BlackElo "1998"]
[Annotator "NA RC"]
[PlyCount "90"]
[EventDate "2019.??.??"]
[EventCountry "IND"]
[SourceTitle "playchess.com"]
[Source "ChessBase"]
[SourceQuality "1"]
[TimeControl "5400+30"]

1. d4 Nf6 2. Nf3 e6 3. c4 c5 4. g3 cxd4 5. Nxd4 d5 6. Bg2 Be7 7. O-O O-O 8. cxd5 Nxd5 9. Nb5 Nc6 $11 10. N5c3 Nb6 11. Nd2 e5 12. b3 Be6 13. Bb2 a5 14. Nf3 a4 15. Nxa4 Nxa4 16. bxa4 f6 17. Nd2 Qa5 18. Nb3 Qxa4 19. Bd5 Bxd5 20. Qxd5+ Kh8 21. Qd7 Qb5 22. Qg4 Ra4 23. Qf3 Rfa8 24. e4 Rxa2 25. Rxa2 Rxa2 26. Bc1 Kg8 27. h4 Qc4 28. Nd2 Nd4 29. Nxc4 Nxf3+ 30. Kg2 Nd4 31. Be3 b5 32. Nb6 Nc2 33. Bc1 Bc5 34. Nd5 b4 35. Bd2 b3 36. Nc3 Ra1 37. Rxa1 Nxa1 38. Nb1 Nc2 39. Bc1 Bd4 40. Kf3 b2 41. Be3 Nxe3 42. fxe3 Bc5 43. Ke2 h5 44. Kd2 Kf7 45. Nc3 Bb4 0-1

[Event "3rd HoliCup Lake City 2019"]
[Site "Udaipur"]
[Date "2019.03.30"]
[Round "5"]
[White "Gulhariya B K"]
[Black "Suvankar Maity"]
[Result "1/2-1/2"]
[ECO "A85"]
[WhiteElo "1691"]
[BlackElo "1911"]
[Annotator "NA RC"]
[PlyCount "123"]
[EventDate "2019.??.??"]
[EventCountry "IND"]
[SourceTitle "playchess.com"]
[Source "ChessBase"]
[SourceQuality "1"]
[TimeControl "5400+30"]

1. d4 d5 2. c4 e6 3. Nc3 f5 4. Nf3 c6 5. e3 Nf6 6. Bd3 Bd6 7. Bd2 O-O {A85: Dutch Defence: 2 c4 Nf6 3 Nc3} 8. Qb3 (8. O-O Ne4 9. Rc1 Nd7 10. Be1 Rf6 11. g3 Rh6 12. Nd2 Ndf6 13. f3 Nxc3 14. bxc3 g5 15. e4 fxe4 16. fxe4 e5 17. cxd5 cxd5 {½-½ (38) Wojtaszek,R (2701)-Fier,A (2595) Tromsoe 2013}) 8... Kh8 9. h4 $146 ({Predecessor:} 9. Ng5 Ne4 10. h4 Qf6 11. f4 b6 12. Ncxe4 fxe4 13. Be2 Ba6 14. g4 Nd7 {0-1 (30) Ataseven,E (1745)-Celebi,O (1909) Antalya 2013}) 9... Ne4 10. cxd5 exd5 11. Ne2 Nd7 12. g3 Ndf6 13. Nf4 Qe8 14. Bb4 Bxb4+ 15. Qxb4 a5 16. Qa3 Bd7 17. Ne5 Ng4 18. Bxe4 Nxe5 19. Bg2 Ng6 20. h5 Nxf4 21. gxf4 Rf6 22. O-O-O b6 23. Kb1 Qe6 24. Bf3 Be8 25. Rdg1 Rc8 26. Qb3 Rb8 27. Rg5 Qd6 28. Rhg1 Rf7 29. Qc2 Bd7 30. Qd2 Be6 31. Qc3 a4 32. R1g3 b5 33. Qe1 Rc7 34. Qg1 Qf8 35. Bd1 c5 36. Qe1 Rbc8 37. a3 Qd6 38. Qd2 Qc6 39. Rg1 b4 40. dxc5 bxa3 41. Qc3 a2+ 42. Ka1 Qxc5 43. Qxc5 Rxc5 44. Bxa4 Rc1+ 45. Rxc1 Rxc1+ 46. Kxa2 Rf1 47. Bc2 ({Better is} 47. Rg2 $16) 47... Rxf2 48. Bxf5 h6 49. Bxe6 hxg5 50. fxg5 Re2 51. Bxd5 Rxe3 52. h6 g6 53. Bf7 Kh7 54. b4 Re7 55. Bc4 Re5 (55... Re4 $5 56. Kb3 $8 Re3+ 57. Ka4 Re4 $14) 56. b5 Rxg5 57. b6 Ra5+ 58. Kb3 Ra8 59. Bd5 Rb8 60. b7 Kxh6 61. Kc4 Kg7 62. Kb4 $11 1/2-1/2

[Event "3rd HoliCup Lake City 2019"]
[Site "Udaipur"]
[Date "2019.03.30"]
[Round "5"]
[White "Anil, Shivpuri"]
[Black "Sudhanshu Ranjan"]
[Result "0-1"]
[ECO "D02"]
[WhiteElo "1605"]
[BlackElo "2056"]
[Annotator "NA RC"]
[PlyCount "98"]
[EventDate "2019.??.??"]
[EventCountry "IND"]
[SourceTitle "playchess.com"]
[Source "ChessBase"]
[SourceQuality "1"]
[TimeControl "5400+30"]

1. d4 d5 2. Bf4 Nf6 3. e3 e6 4. Nd2 Bd6 5. Bg3 c5 6. c3 Nc6 7. Ngf3 O-O 8. Bd3 b6 9. Ne5 Bb7 10. f4 Ne7 11. Qf3 Nf5 12. Bxf5 exf5 13. Bh4 Be7 14. Bxf6 Bxf6 15. Qh3 g6 16. Ndf3 Bg7 17. g4 fxg4 18. Qxg4 Bc8 19. Qg3 f6 20. Nd3 Bf5 21. O-O-O c4 22. Nf2 b5 23. Nh4 Bd7 24. Rhg1 a5 25. Kd2 b4 26. Qg2 Bc6 27. Nf5 Ra7 28. Nxg7 Rxg7 29. h4 Qe7 30. h5 bxc3+ 31. bxc3 Qa3 32. Rc1 Rb8 33. Nd1 Qxa2+ 34. Rc2 Qa3 35. Qh3 Bd7 36. Qg2 Qd6 37. Ra2 a4 38. Qh2 a3 39. hxg6 hxg6 40. Qh6 Bf5 41. Rh1 Kf7 42. Qh2 Qe7 43. Qe2 Kg8 44. Qh2 Re8 45. Qg3 Ra8 46. Nf2 Rb8 47. Nd1 Qe4 48. Nf2 Qxh1 49. Ne4 Qxe4 0-1